 Dungeon Crawl Stone Soup version 0.31.0-12-g77e489cdc1 (webtiles) character file.

Game seed: 6106671106249006398

241 PaiMei the Grave Robber (level 5, -4/38 HPs)
             Began as a Demonspawn Necromancer on Feb 26, 2024.
             Slain by Pikel
             ... wielding a +2 whip of freezing
              (11 damage)
             ... on level 4 of the Dungeon.
             The game lasted 00:03:30 (3315 turns).

PaiMei the Grave Robber (Demonspawn Necromancer)    Turns: 3315, Time: 00:03:30

Health: -4/38      AC:  3    Str:  9    XL:     5   Next: 80%
Magic:  2/9        EV: 13    Int: 17    God:
Gold:   175        SH:  0    Dex: 19    Spells: 6/10 levels left

rFire   . . .        q - +3 club (spect)
rCold   . . .        (no shield)
rNeg    . . .        a - +0 robe
rPois   .            (no helmet)
rElec   .            c - +0 cloak
rCorr   .            (no gloves)
SInv    .            (no boots)
Will    .....        (no amulet)
Stlth   ++           f - +6 ring of dexterity
HPRegen 0.26/turn    (no ring)
MPRegen 0.11/turn

%: no passive effects
@: no status effects
A: spiny 1, demonic touch 2
a: no special abilities


You were on level 4 of the Dungeon.
You visited 1 branch of the dungeon, and saw 4 of its levels.

You collected 175 gold pieces.

Inventory:

Hand Weapons
 i - a +1 dagger of protection
 q - a +3 spectral club (weapon)
Missiles
 k - 7 poisoned darts (quivered)
 n - 6 curare-tipped darts
Armour
 a - a +0 robe (worn)
 c - a +0 cloak (worn)
Magical Staves
 m - a staff of death
Jewellery
 f - a +6 ring of dexterity (left hand)
 l - a +6 ring of strength
 o - a ring of ice
 p - a ring of flight
Scrolls
 e - a scroll of fog {unknown}
 g - 2 scrolls of teleportation {unknown}
 j - a scroll of revelation {unknown}
Potions
 b - a potion of magic
 d - a potion of mutation {unknown}
 h - a potion of curing {unknown}


   Skills:
 + Level 1.9 Fighting
 + Level 3.1 Dodging
 - Level 2.5 Stealth
 + Level 3.3 Spellcasting
 + Level 5.4 Necromancy


You had 6 spell levels left.
You knew the following spells:

 Your Spells              Type           Power      Damage    Failure   Level
a - Necrotise             Necr           84%        1d8       1%          1
b - Vampiric Draining     Necr           21%        2d7       5%          3

Your spell library contained the following spells:

 Spells                   Type           Power      Damage    Failure   Level
 Animate Dead             Necr           21%        N/A       19%         4
 Curse of Agony           Necr           21%        N/A       45%         5


Dungeon Overview and Level Annotations

Branches:
Dungeon (4/15)
 Temple: D:4-7

Altars:
Uskayaw

Annotations:
D:3 2 transporters, breaded's ghost, amateur OpSh
D:4 Pikel


Innate Abilities, Weirdness & Mutations

You are partially covered in sharp spines.
Your touch may inflict irresistible damage on your foes.


Message History

Press: ? - help, Shift-Dir - straight line, f/p - Pikel
Aim: Pikel, wielding a +2 whip of freezing and wearing a +0 robe (moderately wounded, ally target)
You draw life force from Pikel.
You feel life coursing into your body.
Pikel hits you with a +2 whip of freezing!
Pikel freezes you. The endoplasm is struck by your spines.
The endoplasm closely misses you.
Casting: Vampiric Draining (dangerous; 5% risk of failure)
Confirm with . or Enter, or press ? or * to list all spells.
You don't have enough magic to cast this spell.
Casting: Vampiric Draining (dangerous; 5% risk of failure)
Confirm with . or Enter, or press ? or * to list all spells.
You don't have enough magic to cast this spell.
Casting: Vampiric Draining (dangerous; 5% risk of failure)
Confirm with . or Enter, or press ? or * to list all spells.
You don't have enough magic to cast this spell.
Casting: Vampiric Draining (dangerous; 5% risk of failure)
Confirm with . or Enter, or press ? or * to list all spells.
You don't have enough magic to cast this spell.
Casting: Vampiric Draining (dangerous; 5% risk of failure)
Confirm with . or Enter, or press ? or * to list all spells.
You don't have enough magic to cast this spell.
You hit Pikel.
Pikel is heavily wounded.
Pikel is struck by your spines. Pikel misses you.
A lemure comes into view.
The endoplasm closely misses you.
Ijyb hits Pikel but does no damage.
You hit Pikel but do no damage.
Pikel is heavily wounded.
Pikel misses you. The endoplasm is struck by your spines.
You kill the endoplasm!
Pikel hits you with a +2 whip of freezing!
* * * LOW HITPOINT WARNING * * *
Pikel freezes you.
* * * LOW HITPOINT WARNING * * *
Ijyb misses Pikel.
Ijyb closely misses Pikel.
Pikel attacks as he pursues you! Pikel is struck by your spines.
Pikel hits you with a +2 whip of freezing!
You die...
Pikel says, "Another soul for the market."

.... .55 ### Z. #<#
#. #.# #.## #.# #.Z#
#.####.######.
..######.##..........
.......@..#.##>..##.#
.......K###'##.###
≈≈.......5.....#
≈≈≈≈....Z5.....#
≈≈≈≈≈≈.........#
.≈≈≈≈≈≈.#....#.#
.≈≈≈≈≈≈.#....#.#
.≈≈≈≈≈≈...#.## #
≈~≈≈≈≈≈...#.#


You could see Pikel (ally target), a lemure and the friendly Ijyb the goblin
skeleton.

Vanquished Creatures
  A black bear (D:3)
  An iguana (D:3)
  Ijyb (D:4)
  3 adders
  2 ribbon worms
  3 dart slugs
  5 orcs (D:3)
  2 ball pythons (D:1)
  8 bats
  7 endoplasms
  3 giant cockroaches (D:1)
  5 goblins
  3 hobgoblins
  2 jackals (D:1)
  2 kobolds
  A quokka (D:3)
  A frilled lizard (D:2)
  4 rats
54 creatures vanquished.

Vanquished Creatures (collateral kills)
  A ball python (D:1)
  A kobold (D:1)
2 creatures vanquished.

Grand Total: 56 creatures vanquished

Notes
Turn   | Place    | Note
-------+----------+-------------------------------------------
     0 | D:1      | PaiMei the Demonspawn Necromancer began the quest for the
                  | Orb.
     0 | D:1      | Reached XP level 1. HP: 13/13 MP: 3/3
   366 | D:1      | Gained mutation: Your touch may inflict minor irresistible
                  | damage on your foes. [demonic ancestry]
   366 | D:1      | Reached XP level 2. HP: 19/19 MP: 1/5
   812 | D:1      | Gained mutation: Your touch may inflict irresistible damage
                  | on your foes. [demonic ancestry]
   812 | D:1      | Reached XP level 3. HP: 17/24 MP: 0/6
  1277 | D:2      | Found a hide-covered altar of Uskayaw.
  1416 | D:2      | Found a faded altar of an unknown god.
  2206 | D:2      | Learned a level 3 spell: Vampiric Draining
  2238 | D:3      | Reached XP level 4. HP: 30/30 MP: 3/8
  2719 | D:3      | Noticed a black bear
  2738 | D:3      | Killed a black bear
  2739 | D:3      | Reached skill level 1 in Fighting
  2739 | D:3      | Reached skill level 5 in Necromancy
  2739 | D:3      | Gained mutation: You are partially covered in sharp spines.
                  | [demonic ancestry]
  2739 | D:3      | Reached XP level 5. HP: 31/37 MP: 2/9
  3199 | D:3      | Identified the +10 spear of the Butterfly {vamp, Fly rCorr
                  | Str+3}
  3202 | D:3      | Noticed breaded's ghost (amateur OpSh)
  3219 | D:3      | Found a transporter.
  3219 | D:3      | Found a transporter.
  3286 | D:4      | Noticed Ijyb
  3291 | D:4      | Killed Ijyb
  3291 | D:4      | Noticed a lemure
  3291 | D:4      | Noticed a lemure
  3294 | D:4      | Noticed Pikel
  3312 | D:4      | Noticed a lemure
  3315 | D:4      | Slain by Pikel

Illustrated notes

Levels and vault maps discovered:
D:1:      lemuel_arrival_hallway, layout_basic, nicolae_houndstooth_variations
D:2:      layout_loops_ring, hellmonk_ecumenical_altar_crossroads, basic_altar
D:3:      wad_lake_hut, layout_basic, gammafunk_ghost_gnarly_gnolls
D:4:      layout_basic, gammafunk_temple_overflow_claw, temple_pool_b,
          serial_shops, nicolae_stop_n_shop_1, guppyfry_shop_venom, uniq_pikel,
          uniq_sigmund, uniq_ijyb

Skill      XL: |  1  2  3  4  5 |
---------------+----------------+-----
Stealth        | 2 |  2.5
Dodging        | 2 3 |  3.1
Fighting       | 1 |  1.9
Spellcasting   | 3 |  3.3
Necromancy     | 5 |  5.4

Action                     |  1- 3 |  4- 6 || total
---------------------------+-------+-------++-------
  Melee: Dagger            |    19 |       ||    19
         Touch             |     3 |       ||     3
         Club              |       |     2 ||     2
   Cast: Necrotise         |    71 |    42 ||   113
         Vampiric Draining |       |     2 ||     2
 Armour: Robe              |    17 |    15 ||    32
  Dodge: Dodged            |    25 |    16 ||    41
